Map: [ESL] Oceanborn

Players

MeomaikA

  • Race: Zerg Zerg
  • Spawn Location: 5:00

Cyan - Winner!

  • Race: Protoss Protoss
  • Spawn Location: 11:00

Event: ESL SC2 Masters 2024 Spring (Regional)

VOD

Have the link to the VOD?

Description

Time

  • Played on: April 21, 2024, 7:43 a.m.
  • Length: 9:34

All games in this series

Show
View Real Time Build Order
Export as new Build Order

MeomaikA Zerg 

Build Orders: Hatch First, Swarm Host 

Get SALT Encoding   

  12  0:00  Drone  
  13  0:12  Overlord  
  13  0:16  Drone  
  14  0:31  Drone x2  
  14  0:34  Drone  
  17  0:52  Hatchery  
  17  0:54  Drone  
  18  0:57  Drone  
  18  1:07  Extractor  
  17  1:11  Spawning Pool  
  17  1:15  Drone  
  17  1:20  Drone  
  18  1:30  Drone  
  19  1:39  Overlord  
  19  1:50  Drone  
  20  1:59  Queen  
  20  2:00  Drone  
  23  2:04  Drone  
  23  2:05  Queen  
  26  2:10  Metabolic Boost  
  26  2:11  Drone  
  27  2:21  Drone  
  27  2:22  Drone  
  29  2:26  Zergling x2  
  30  2:35  Drone  
  31  2:40  Drone  
  31  2:41  Queen  
  31  2:42  Queen  
  36  2:49  Overlord  
  36  3:01  Extractor  
  36  3:02  Extractor  
  36  3:03  Drone x2  
  36  3:04  Overlord  
  36  3:08  Drone  
  36  3:10  Drone x3  
  36  3:11  Drone  
  41  3:15  Drone  
  41  3:16  Drone x2  
  44  3:22  Overlord  
  44  3:23  Drone  
  45  3:28  Spore Crawler  
  45  3:29  Spore Crawler  
  45  3:31  Drone  
  45  3:33  Drone  
  45  3:38  Drone  
  45  3:41  Overlord  
  46  3:43  Drone x2  
  46  3:46  Drone  
  49  3:48  Drone  
  49  3:49  Drone  
  49  3:51  Drone  
  52  4:07  Lair, Hatchery  
  51  4:11  Drone  
  51  4:12  Evolution Chamber  
  51  4:16  Evolution Chamber  
  50  4:18  Zergling x4  
  50  4:19  Zergling x2  
  50  4:21  Zergling x2  
  53  4:30  Zergling x2  
  50  4:34  Drone x3  
  50  4:36  Zergling x2  
  50  4:37  Zergling x2  
  52  4:44  Overlord  
  52  4:45  Zerg Melee Weapons Level 1, Zerg Missile Weapons Level 1  
  52  4:56  Overlord  
  52  4:58  Overlord  
  51  5:03  Drone x3  
  51  5:04  Drone  
  55  5:10  Roach Warren, Drone x3  
  55  5:11  Drone  
  55  5:13  Drone  
  59  5:17  Zergling x4  
  59  5:19  Zergling x2  
  59  5:20  Zergling x2  
  63  5:26  Zergling x2, Infestation Pit  
  63  5:33  Overseer  
  63  5:40  Zergling x2  
  63  5:41  Zergling x10  
  69  5:52  Overlord  
  69  5:55  Nydus Network  
  68  5:59  Drone x3  
  68  6:01  Overlord, Swarm Host  
  68  6:03  Swarm Host x2  
  80  6:06  Swarm Host  
  80  6:10  Overlord  
  81  6:12  Swarm Host  
  84  6:19  Swarm Host  
  84  6:20  Swarm Host  
  84  6:22  Overlord  
  90  6:30  Swarm Host  
  90  6:31  Swarm Host  
  90  6:32  Nydus Canal  
  96  6:39  Roach, Glial Reconstitution  
  97  6:40  Zergling x2  
  97  6:41  Zergling x6  
  101  6:48  Zergling x4  
  101  6:51  Zergling x4  
  101  6:52  Zergling x2  
  101  6:53  Overlord  
  106  6:56  Overlord  
  106  6:59  Overlord  
  106  7:01  Zerg Melee Weapons Level 2  
  106  7:07  Overlord  
  103  7:08  Zergling x2  
  103  7:12  Zergling x2  
  103  7:13  Zergling x4  
  103  7:14  Zergling x2  
  108  7:18  Zergling x4  
  108  7:19  Zergling x6  
  105  7:23  Zergling x2  
  105  7:24  Zergling x2  
  105  7:25  Zergling x2  
  105  7:26  Zergling x2  
  105  7:29  Zergling x2  
  100  7:32  Zergling x6  
  100  7:35  Drone  
  95  7:37  Zergling x2  
  95  7:42  Zergling x2  
  92  7:46  Zergling x2  
  92  7:48  Drone  
  94  7:52  Queen  
  94  7:53  Drone, Queen  
  98  7:58  Drone x2  
  98  8:04  Drone  
  97  8:06  Roach  
  97  8:07  Roach x3  
  97  8:10  Roach  
  105  8:13  Roach  
  105  8:17  Drone x2  
  105  8:18  Roach x2  
  113  8:21  Roach  
  113  8:26  Nydus Canal  
  115  8:28  Roach x2  
  115  8:29  Roach  
  115  8:32  Roach  
  123  8:35  Roach x2  
  123  8:38  Roach  
  129  8:46  Hatchery  
  129  8:48  Nydus Canal  
  127  8:49  Roach  
  127  8:50  Roach  
  127  8:52  Roach  
  127  8:54  Roach  
  132  8:57  Roach  
  132  9:02  Roach x3  
  135  9:03  Roach  
  135  9:07  Roach x2  
  134  9:10  Roach  
  134  9:12  Nydus Canal  
  134  9:13  Roach  
  134  9:15  Roach  
Show
View Real Time Build Order
Export as new Build Order

Cyan Protoss - Winner!

Build Orders: 1 Gate Expand, Oracle Opening 

Get SALT Encoding   

  12  0:00  Probe  
  13  0:12  Probe  
  14  0:18  Pylon  
  14  0:24  Probe (Chrono Boost)  
  15  0:37  Probe (Chrono Boost), Gateway  
  16  0:45  Probe (Chrono Boost)  
  16  0:47  Assimilator  
  17  0:51  Probe  
  18  1:03  Probe  
  19  1:16  Probe  
  20  1:24  Nexus  
  20  1:33  Cybernetics Core  
  20  1:36  Probe  
  21  1:42  Assimilator  
  21  1:48  Probe  
  21  1:51  Pylon  
  22  2:00  Probe  
  23  2:07  Adept (Chrono Boost)  
  23  2:12  Probe (Chrono Boost)  
  26  2:18  Stargate  
  27  2:23  Probe (Chrono Boost)  
  27  2:27  Probe (Chrono Boost)  
  28  2:31  Adept  
  28  2:36  Probe (Chrono Boost)  
  31  2:43  Probe (Chrono Boost)  
  32  2:47  Probe (Chrono Boost)  
  32  2:48  Warp Gate  
  34  2:52  Probe (Chrono Boost)  
  34  2:53  Probe (Chrono Boost)  
  35  3:03  Probe x2  
  35  3:05  Void Ray (Chrono Boost)  
  41  3:09  Pylon  
  41  3:15  Probe, Adept  
  41  3:16  Probe  
  46  3:27  Probe  
  46  3:28  Probe, Gateway  
  46  3:33  Oracle (Chrono Boost)  
  47  3:39  Probe  
  47  3:40  Probe  
  52  3:42  Pylon  
  52  3:51  Robotics Facility, Probe  
  52  3:52  Probe  
  54  3:59  Pylon  
  54  4:03  Probe  
  54  4:06  Probe  
  56  4:11  Nexus  
  56  4:16  Pylon, Oracle (Chrono Boost), Probe  
  57  4:20  Probe  
  59  4:33  Probe  
  59  4:35  Probe  
  59  4:40  Immortal  
  59  4:41  Assimilator  
  59  4:42  Assimilator  
  59  4:43  Shield Battery  
  59  4:44  Adept  
  59  4:45  Probe  
  66  4:47  Adept  
  66  4:51  Probe  
  69  4:53  Pylon  
  69  5:01  Gateway  
  69  5:02  Gateway  
  69  5:06  Phoenix  
  71  5:07  Probe  
  71  5:11  Probe  
  71  5:12  Adept  
  75  5:15  Adept  
  75  5:20  Probe  
  78  5:23  Probe x2  
  80  5:29  Immortal  
  80  5:34  Probe  
  85  5:36  Probe  
  86  5:43  Probe  
  86  5:49  Gateway  
  87  5:50  Sentry x2  
  87  5:51  Gateway  
  87  5:54  Gateway x2  
  87  5:56  Robotics Bay  
  91  5:59  Probe  
  91  6:01  Probe  
  93  6:05  Observer (Chrono Boost), Shield Battery  
  93  6:07  Probe  
  95  6:11  Assimilator, Probe  
  95  6:13  Forge, Probe  
  95  6:15  Assimilator  
  95  6:17  Pylon  
  97  6:19  Probe  
  97  6:21  Warp Prism (Chrono Boost)  
  97  6:24  Probe  
  101  6:27  Pylon  
  101  6:29  Pylon  
  101  6:33  Twilight Council  
  101  6:38  Probe  
  102  6:42  Gateway  
  102  6:50  Stalker x6  
  111  6:58  Colossus (Chrono Boost)  
  114  7:07  Protoss Ground Weapons Level 1 (Chrono Boost)  
  114  7:11  Blink  
  114  7:13  Gateway  
  114  7:25  Stalker x3  
  114  7:26  Stalker x2  
  112  7:40  Stalker x2  
  112  7:43  Photon Cannon, Colossus (Chrono Boost)  
  116  7:44  Pylon  
  116  7:45  Photon Cannon  
  116  7:46  Shield Battery  
  116  7:47  Extended Thermal Lance (Chrono Boost)  
  122  7:51  Probe  
  123  8:02  Stalker x3  
  123  8:03  Stalker  
  123  8:05  Probe  
  130  8:08  Probe  
  130  8:10  Probe  
  132  8:17  Probe  
  133  8:22  Nexus  
  133  8:23  Pylon  
  133  8:26  Pylon  
  133  8:30  Pylon  
  133  8:32  Pylon  
  133  8:34  Pylon  
  133  8:38  Colossus (Chrono Boost)  
  133  8:44  Zealot x4, Photon Cannon  
  133  8:45  Shield Battery  
  147  8:48  Zealot  
  147  8:52  Zealot x2  
  151  8:57  Probe  
  151  9:02  Zealot x2  
  140  9:10  Zealot  
  140  9:11  Zealot x2  
  140  9:13  Probe  
  140  9:16  Stalker  
  140  9:17  Stalker  
  151  9:23  Stalker  
  151  9:24  Stalker  
Tags
 
Add a new tag
Caveats
  • Supply blocks, unpowered buildings, or Contaminate may cause inaccurate times.
  • Supply counts are checked every 10 seconds.